 Dungeon Crawl Stone Soup version 0.20.1-1-g8b1a95d (webtiles) character file.

347 vineage the Slasher (level 6, -3/48 HPs)
             Began as a Demonspawn Berserker on Sept 14, 2017.
             Was a Believer of Trog.
             Killed from afar by Natasha (8 damage)
             ... with a magic dart
             ... on level 3 of the Dungeon.
             The game lasted 00:04:42 (2718 turns).

vineage the Slasher (Demonspawn Berserker)          Turns: 2718, Time: 00:04:43

Health: -3/48      AC: 11    Str: 20    XL:     6   Next: 33%
Magic:  6/6        EV:  6    Int:  8    God:    Trog [**....]
Gold:   122        SH:  0    Dex: 12    Spells: 5/5 levels left

rFire    . . .     SeeInvis .   a - +0 falchion
rCold    . . .     Gourm    .   (no shield)
rNeg     . . .     Faith    .   g - +0 plate armour
rPois    .         Spirit   .   (no helmet)
rElec    .         Reflect  .   (no cloak)
rCorr    .         Harm     .   (no gloves)
MR       .....                  (no boots)
Stlth    ..........             (no amulet)
Regen    0.2/turn               (no ring)
MPRegen  0.1/turn               (no ring)

@: berserk cooldown, slowed, very slow
A: claws 1, nightstalker 1, powered by pain 1
a: Berserk, Trog's Hand, Burn Spellbooks, Renounce Religion


You were on level 3 of the Dungeon.
You worshipped Trog.
Trog was pleased with you.
You were near starving.

You visited 1 branch of the dungeon, and saw 3 of its levels.

You collected 122 gold pieces.

Inventory:

Hand Weapons
 a - a +0 falchion (weapon)
Armour
 b - a +0 animal skin
 g - a +0 plate armour (worn)
Jewellery
 q - a cursed ring of loudness {unknown}
Scrolls
 e - 3 scrolls of identify
 f - 3 scrolls of noise
 h - a scroll of enchant weapon {unknown}
 i - 4 scrolls of random uselessness
 k - a scroll of teleportation {unknown}
 l - 2 scrolls of fog {unknown}
 m - a scroll of remove curse {unknown}
 n - a scroll of magic mapping {unknown}
Potions
 d - a potion of invisibility
 o - a potion of mutation {unknown}
 p - a potion of curing
 r - a potion of berserk rage {unknown}
 t - a potion of haste {unknown}
 u - a potion of ambrosia {unknown}
Comestibles
 c - 2 bread rations
 j - a meat ration


   Skills:
 + Level 3.9 Fighting
 + Level 5.1 Long Blades
 + Level 3.5 Armour
 + Level 2.0 Dodging


You had 5 spell levels left.
You didn't know any spells.

Dungeon Overview and Level Annotations

Branches:
Dungeon (3/15)

Altars:
Makhleb
Nemelex Xobeh

Annotations:
D:3 Natasha


Innate Abilities, Weirdness & Mutations

You have sharp fingernails.
You are slightly more attuned to the shadows.
You sometimes gain a little power by taking damage.


Message History

You barely miss Natasha.
Natasha is heavily wounded.
Natasha claws you but does no damage. Natasha claws you.
* * * LOW HITPOINT WARNING * * *
You hit Natasha.
Natasha is almost dead.
Natasha claws you but does no damage.
Natasha stares at you and mumbles some strange words.
The magic dart hits you!
* * * LOW HITPOINT WARNING * * *
You closely miss Natasha.
Natasha is almost dead.
Natasha claws you.
* * * LOW HITPOINT WARNING * * *
You closely miss Natasha.
Natasha is almost dead.
Natasha claws you but does no damage. Natasha casts a spell at you.
The magic dart hits you!
You die...

..## #....# ...######## ##.##.# .#
....#.....## ###..##.# ..##
...........###...#...# ....
..>............##..###.....
..>.........#####(####.....
.............####)###.)....
.............#....)...# ###
................@.....# ####.>
.....)..........h.....######.....
............................รท....
..........###............###.....
#....###### #....).[..##.# #.....
.....## #....<....##.# #.<...
......## ###..........#..##.....
##.....####......................
##.....#..............#..........


You could see Natasha.

Vanquished Creatures
  Purgy (D:3)
  A crimson imp (D:2)
  Natasha (twice) (D:3)
  An orc wizard (D:3)
  6 gnolls
  5 worms
  A dart slug (D:3)
  9 orcs
  A ball python (D:2)
  7 giant cockroaches
  4 goblins
  6 hobgoblins
  2 quokkas
  8 bats
  2 frilled lizards
  4 kobolds
  4 rats
64 creatures vanquished.

Notes
Turn   | Place    | Note
-------+----------+-------------------------------------------
     0 | D:1      | vineage the Demonspawn Berserker began the quest for the Orb.
     0 | D:1      | Reached XP level 1. HP: 18/18 MP: 1/1
   234 | D:1      | Gained mutation: You are slightly more attuned to the shadows. [demonic ancestry]
   234 | D:1      | Reached XP level 2. HP: 18/24 MP: 2/2
   789 | D:2      | Reached skill level 3 in Long Blades
  1041 | D:2      | Found a burning altar of Makhleb.
  1041 | D:2      | Noticed a crimson imp
  1211 | D:2      | HP: 1/24 [gnoll/spear (6)]
  1216 | D:2      | Gained mutation: You sometimes gain a little power by taking damage. [demonic ancestry]
  1216 | D:2      | Reached XP level 3. HP: 7/29 MP: 3/3
  1222 | D:2      | Gained mutation: You have sharp fingernails. [demonic ancestry]
  1222 | D:2      | Reached XP level 4. HP: 9/35 MP: 4/4
  2077 | D:3      | Reached ** piety under Trog
  2094 | D:3      | Reached skill level 4 in Long Blades
  2143 | D:3      | Noticed Natasha
  2157 | D:3      | Killed Natasha
  2157 | D:3      | Reached XP level 5. HP: 19/41 MP: 5/5
  2359 | D:3      | Found a sparkling altar of Nemelex Xobeh.
  2532 | D:3      | Noticed Purgy
  2548 | D:3      | Killed Purgy
  2548 | D:3      | Reached XP level 6. HP: 48/48 MP: 6/6
  2612 | D:3      | Reached skill level 5 in Long Blades
  2676 | D:3      | Noticed Natasha
  2700 | D:3      | Killed Natasha
  2710 | D:3      | Noticed Natasha
  2718 | D:3      | Killed from afar by Natasha

Skill      XL: |  1  2  3  4  5  6 |
---------------+-------------------+-----
Long Blades    | 3 4 5 |  5.1
Armour         | 2 3 |  3.5
Dodging        | 2 |  2.0
Fighting       | |  3.9

Action                   |  1- 3 |  4- 6 || total
-------------------------+-------+-------++-------
Melee: Falchion          |   162 |   237 ||   399
Invok: Trog's Hand       |       |     2 ||     2
       Burn Spellbooks   |       |     1 ||     1
       Berserk           |       |     2 ||     2
  Use: Potion            |     4 |     2 ||     6
       Scroll            |     3 |     2 ||     5
  Eat: Chunk             |       |     5 ||     5
       Royal jelly       |       |     1 ||     1
Armor: Plate armour      |    95 |   188 ||   283
       Animal skin       |     1 |       ||     1
Dodge: Dodged            |    43 |    99 ||   142
       Rpst.: Falchion   |    16 |    33 ||    49
